 Dungeon Crawl Stone Soup version 0.28-a0-987-g8383568036 (webtiles) character file.

Game seed: 13861499789525283544

3451 Jinxx the Geomancer (level 9, -1/71 (72) HPs)
             Began as a Grey Draconian Earth Elementalist on Dec 4, 2021.
             Was a Believer of Fedhas.
             Slain by a wight (12 damage)
             ... on level 6 of the Dungeon.
             The game lasted 00:35:18 (9526 turns).

Jinxx the Geomancer (DrEE)                          Turns: 9526, Time: 00:35:19

HP:   -1/71 (72)    AC: 13    Str: 10    XL:     9   Next: 78%
MP:   6/17          EV: 13    Int: 20    God:    Fedhas [**....]
Gold: 323           SH:  0    Dex: 12    Spells: 9/19 levels left

rFire   . . .      SeeInvis .   w - +5 spear (vamp)
rCold   . . .      Faith    .   (no shield)
rNeg    . . .      Spirit   .   (armour unavailable)
rPois   +          Reflect  .   (helmet restricted)
rElec   .          Harm     .   (no cloak)
rCorr   .          Rampage  .   C - +0 pair of gloves
Will    .....                   (no boots)
Stlth   +++.......              (no amulet)
HPRegen 0.21/turn               h - ring of poison resistance
MPRegen 0.15/turn               q - ring of wizardry

@: flying, lightly drained
A: AC +12, amphibious, unfitting armour, cold-blooded
a: Renounce Religion, Wall of Briars


You were on level 6 of the Dungeon.
You worshipped Fedhas.
Fedhas was pleased with you.
You visited 2 branches of the dungeon, and saw 7 of its levels.
You also visited: Ossuary.

You collected 323 gold pieces.

Inventory:

Hand Weapons
 e - a +1 flail of protection
 k - a +0 short sword of venom
 u - a +2 whip of flaming
 w - a +5 vampiric spear (weapon)
Missiles
 a - 51 poisoned darts
 b - 106 stones
 x - 3 boomerangs
Armour
 f - a +0 pair of gloves
 C - a +0 pair of gloves (worn)
Magical Staves
 y - a staff of air
Jewellery
 h - a ring of poison resistance (left hand)
 q - a ring of wizardry (right hand)
Wands
 m - a wand of iceblast (15)
Scrolls
 c - a scroll of magic mapping {unknown}
 d - 5 scrolls of identify
 i - a scroll of teleportation
 n - a scroll of blinking {unknown}
 p - a scroll of fear {unknown}
 v - a scroll of vulnerability {unknown}
 A - a scroll of immolation {unknown}
Potions
 g - a potion of might
 j - a potion of flight
 o - 5 potions of brilliance
 r - a potion of heal wounds {unknown}
 s - a potion of degeneration {unknown}
 t - 3 potions of cancellation {unknown}
 z - 3 potions of haste {unknown}
 B - 3 potions of attraction {unknown}


   Skills:
 + Level 4.4 Fighting
 + Level 3.6 Throwing
 + Level 4.2 Dodging
 + Level 4.5 Stealth
 * Level 5.9 Spellcasting
 + Level 3.5 Conjurations
 + Level 4.1 Transmutations
 * Level 8.1 Earth Magic
 + Level 3.5 Evocations


You had 9 spell levels left.
You knew the following spells:

 Your Spells              Type           Power      Damage    Failure   Level
a - Sandblast             Erth           76%        2d16      1%          1
b - Passwall              Tmut/Erth      25%        N/A       1%          2
c - Stone Arrow           Conj/Erth      58%        3d10      1%          3
d - Petrify               Tmut/Erth      30%        N/A       3%          4

Your spell library contained the following spells:

 Spells                   Type           Power      Damage    Failure   Level


Dungeon Overview and Level Annotations

Branches:
Dungeon (6/15)             Temple (1/1) D:4         Ossuary (visited)

Altars:
Cheibriados
Dithmenos
Elyvilon
Fedhas
Gozag
Hepliaklqana
Kikubaaqudgha
Makhleb
Nemelex Xobeh
Okawaru
Qazlal
Ru
Trog
Uskayaw
Wu Jian
The Shining One

Shops:
D:4 =


Innate Abilities, Weirdness & Mutations

Your dull iron-grey scales are very hard. (AC +12)
You are amphibious.
You cannot fit into any form of body armour.
You are cold-blooded and may be slowed by cold attacks.


Message History

You tail-slap the wight, but do no damage.
The wight is moderately damaged.
The orc barely misses you. The wight barely misses you.
Okay, then.
You see here a +0 giant spiked club.
It was a potion of flight.
You feel very buoyant.
You fly up into the air.
The wight hits you with a +3 war axe of freezing!
* * * LOW HITPOINT WARNING * * *
The wight freezes you.
* * * LOW HITPOINT WARNING * * *
You hit the wight.
The wight is heavily damaged.
The wight closely misses you.
You hit the wight but do no damage.
The wight is heavily damaged.
The wight barely misses you.
You barely miss the wight.
The wight is heavily damaged.
The wight closely misses you.
You barely miss the wight.
The wight is heavily damaged.
The wight closely misses you.
You hit the wight.
The wight is heavily damaged.
The wight barely misses you.
You closely miss the wight.
The wight is heavily damaged.
The wight hits you with a +3 war axe of freezing!
* * * LOW HITPOINT WARNING * * *
The wight freezes you.
* * * LOW HITPOINT WARNING * * *
The wight misses you.
As you read the scroll labelled SIKKIOKKOE, it crumbles to dust.
You hear a loud clanging noise!
It was a scroll of noise.
The wight hits you with a +3 war axe of freezing!
You die...
Fedhas appreciates your contribution to the ecosystem.

#.################
#.# #.# #######
#.# ##..#.P# #.#
#...'.8# #.#
#...#.P# #.#
##)######
#.#########..#
#.@zso......##
#####..)....####
#..........#
#.......##.###
#............#
#........#.#o##
#...........[..
#.............#
#.............#


You could see a scorpion, a wight and an orc.

Vanquished Creatures
  Pikel (D:4)
  The ghost of paps the Covert, a novice OpDe (D:4)
  Sigmund (D:6)
  6 yaks (D:6)
  A sky beast (D:6)
  2 ogres
  A phantom (D:4)
  A bullfrog (D:6)
  An elf zombie (Ossuary)
  A gnoll sergeant (D:5)
  A water moccasin zombie (D:6)
  A wyvern skeleton (D:6)
  2 wights (D:6)
  The ghost of paps the Sneak, a weakling OpDe (D:6)
  A centaur zombie (Ossuary)
  4 hounds
  A gnoll shaman (D:6)
  An orc priest (D:4)
  3 human zombies (Ossuary)
  A centaur skeleton (D:5)
  3 iguanas (D:6)
  5 orc wizards (D:5)
  A hound zombie (D:5)
  3 mummies
  Robin (D:3)
  2 howler monkey zombies
  3 adders
  14 gnolls
  A howler monkey skeleton (D:5)
  An adder zombie (Ossuary)
  2 worms
  A dart slug (D:1)
  14 orcs
  A bat (D:2)
  2 endoplasms
  2 giant cockroaches (D:1)
  10 goblins
  5 hobgoblins
  4 jackals
  8 kobolds
  2 quokkas
  8 ball pythons
  5 frilled lizards
  A goblin zombie (Ossuary)
  11 hobgoblin zombies
  A jackal zombie (Ossuary)
  10 kobold zombies
  11 orc zombies
  3 rats
  A rat zombie (Ossuary)
  A bush (D:2)
169 creatures vanquished.

Vanquished Creatures (others)
  8 plants (D:2)
8 creatures vanquished.

Grand Total: 177 creatures vanquished

Notes
Turn   | Place    | Note
-------+----------+-------------------------------------------
     0 | D:1      | Jinxx the Draconian Earth Elementalist began the quest for
                  | the Orb.
     0 | D:1      | Reached XP level 1. HP: 14/14 MP: 3/3
   354 | D:1      | Reached XP level 2. HP: 20/20 MP: 3/5
  1282 | D:2      | Reached XP level 3. HP: 25/27 MP: 1/6
  2028 | D:2      | Reached skill level 1 in Fighting
  2039 | D:2      | Reached XP level 4. HP: 18/35 MP: 0/8
  2111 | D:2      | Learned a level 2 spell: Passwall
  2115 | D:2      | Learned a level 3 spell: Stone Arrow
  2448 | D:2      | Found a white marble altar of Elyvilon.
  3105 | D:3      | Reached skill level 1 in Throwing
  3307 | D:3      | Reached XP level 5. HP: 39/40 MP: 9/9
  3395 | D:3      | Noticed Robin
  3430 | D:3      | Killed Robin
  3797 | D:3      | Found a faded altar of an unknown god.
  3872 | D:4      | Found a staircase to the Ecumenical Temple.
  4035 | D:4      | Noticed an ogre
  4060 | D:4      | Killed an ogre
  4065 | D:4      | Reached skill level 4 in Earth Magic
  4101 | D:4      | Reached XP level 6. HP: 11/48 MP: 3/11
  4463 | D:4      | Found Misaygra's Jewellery Emporium.
  4511 | D:4      | Found a sand-covered staircase.
  4520 | Ossuary  | Entered an ossuary
  5386 | Ossuary  | Reached skill level 1 in Conjurations
  5614 | Ossuary  | Your scales start taking on a dull iron-grey colour.
  5614 | Ossuary  | Reached skill level 5 in Earth Magic
  5614 | Ossuary  | Reached XP level 7. HP: 40/55 MP: 4/12
  5628 | Ossuary  | Reached skill level 1 in Evocations
  5713 | Ossuary  | Learned a level 4 spell: Petrify
  5865 | D:4      | Found a large runed translucent door.
  5865 | D:4      | Found a large runed translucent door.
  5876 | D:4      | Noticed paps's ghost (novice OpDe)
  6041 | D:4      | Killed paps's ghost
  6185 | D:5      | Entered Level 5 of the Dungeon
  6186 | D:5      | Noticed Pikel
  6229 | D:4      | Killed Pikel
  6230 | D:4      | Reached skill level 6 in Earth Magic
  6230 | D:4      | Reached XP level 8. HP: 25/63 MP: 2/15
  6457 | Temple   | Entered the Ecumenical Temple
  6613 | Temple   | Became a worshipper of Fedhas Madash
  6773 | D:5      | Identified the +5 leather armour "Foycweju" {Dex+7}
  7325 | D:5      | Reached * piety under Fedhas
  7397 | D:5      | HP: 3/63 [gnoll sergeant (12)]
  7399 | D:5      | Reached skill level 5 in Spellcasting
  8114 | D:6      | Reached skill level 7 in Earth Magic
  8244 | D:6      | Reached XP level 9. HP: 70/70 MP: 6/16
  8573 | D:6      | Noticed Sigmund
  8582 | D:6      | Killed Sigmund
  8834 | D:6      | Found a runed translucent door.
  8976 | D:6      | Noticed paps's ghost (weakling OpDe)
  9003 | D:6      | Killed paps's ghost
  9113 | D:6      | Reached ** piety under Fedhas
  9447 | D:6      | Reached skill level 8 in Earth Magic
  9526 | D:6      | Slain by a wight

Illustrated notes

Levels and vault maps discovered:
D:1:      saegor_arrival_simple_b, layout_basic
D:2:      layout_loops_ring, serial_forest, infiniplex_forest_lined_2,
          infiniplex_forest_straight_3, infiniplex_forest_lined_1,
          infiniplex_forest_clump_long, infiniplex_forest_straight_4,
          infiniplex_forest_clump_double, basic_altar
D:3:      layout_rooms, dreamdust_ecumenical_altar_grove, uniq_robin
D:4:      layout_basic, minmay_temple_entry_tees, enter_ossuary_3,
          ebering_ghost_disaster_area, serial_shops, nicolae_shop_trees
D:5:      layout_cave_pools, uniq_pikel
D:6:      layout_basic, mainiacjoe_overflow_catwalk_spiral,
          gammafunk_ghost_grave, minmay_mini_ossuary, uniq_sigmund
Temple:   nicolae_temple_elliptical

Skill      XL: |  1  2  3  4  5  6  7  8  9 |
---------------+----------------------------+-----
Dodging        | 2 3 4 |  4.2
Stealth        | 2 3 4 |  4.5
Fighting       | 1 2 3 4 |  4.4
Spellcasting   | 3 4 5 |  5.9
Throwing       | 1 2 3 |  3.6
Transmutations | 2 3 4 |  4.1
Earth Magic    | 4 5 6 7 8 |  8.1
Conjurations   | 1 2 3 |  3.5
Evocations     | 2 3 |  3.5

Action                   |  1- 3 |  4- 6 |  7- 9 || total
-------------------------+-------+-------+-------++-------
Melee: Unarmed           |    61 |       |       ||    61
       Tailslap          |     5 |    28 |    30 ||    63
       Short sword       |     6 |       |       ||     6
       Flail             |       |   229 |    30 ||   259
       Whip              |       |       |    95 ||    95
       Spear             |       |       |   104 ||   104
Throw: Dart              |       |    13 |     9 ||    22
       Boomerang         |       |     5 |       ||     5
 Cast: Sandblast         |    41 |    55 |    21 ||   117
       Stone Arrow       |       |    34 |    66 ||   100
  Use: Potion            |     1 |     2 |     7 ||    10
       Scroll            |       |     2 |     2 ||     4
 Stab: Sleeping          |     2 |     3 |     1 ||     6
Armor: Skin              |    21 |   117 |   132 ||   270
Dodge: Dodged            |    45 |   120 |   238 ||   403

Table legend: (Time is in decaauts)
 A = Elapsed time spent in this place.
 B = Non-inter-level travel time spent in this place.
 C = Inter-level travel time spent in this place.
 D = Time resting spent in this place.
 E = Time spent auto-exploring this place.
 F = Levels seen in this place.
 G = Mean time per level.
                   A        B        C        D        E       F      G
               +--------+--------+--------+--------+--------+-----+--------+
         Total |   9657 |   9657 |      0 |   3860 |   3263 |   8 | 1207.1 |
       Dungeon |   8165 |   8165 |      0 |   3219 |   3043 |   6 | 1360.8 |
        Temple |    210 |    210 |      0 |      0 |    127 |   1 |  210.0 |
       Ossuary |   1281 |   1281 |      0 |    641 |     93 |   1 | 1281.0 |
               +--------+--------+--------+--------+--------+-----+--------+

Top non-repeatable levels by time:
     D:2: 1961 daAuts
     D:4: 1667 daAuts
     D:6: 1425 daAuts
 Ossuary: 1281 daAuts
     D:5: 1139 daAuts
     D:3: 1048 daAuts
     D:1: 923 daAuts
  Temple: 210 daAuts
